[Event "Late-Titled-Tuesday-Blitz-January-23-2024"]
[Site "Chess.com"]
[Date "2024.01.23"]
[Round "4"]
[White "BeanScreen"]
[Black "sergoy"]
[Result "0-1"]
[WhiteElo "2736"]
[BlackElo "3033"]
[TimeControl "180+1"]
[EndTime "14:39:20 PST"]
[Termination "sergoy won on time"]

1. e4 c5 2. c3 Nf6 3. e5 Nd5 4. Nf3 e6 5. d4 cxd4 6. cxd4 d6 7. Bc4 Nc6 8. O-O Be7 9. Qe2 O-O 10. Nc3 Nxc3 11.
bxc3 dxe5 12. dxe5 Qa5 13. Rb1 Rd8 14. h4 Qxc3 15. h5 h6 16. Rb3 Qa5 17. Bd3 Qa4 18. Bb2 Qg4 19. Bb1 Qxh5 20. Qc2 g6 21. g3 Bd7 22. Kg2 Na5 23. Rh1 Qg4 24. Qd2 Bf8 25. Qxa5 Bc6 26. Rh4 Qg5 27. Be4 Qe7 28. Bxc6 bxc6 29.
Bc1 g5 30. Rg4 Rd5 31. Qc3 Bg7 32. Qxc6 Rad8 33. Ba3 Qd7 34. Qxd7 R8xd7 35. Re4 Ra5 36. Re2 g4 37. Nh2 h5 38. Bd6 Rd5 39. Nf1 Kh7 40.
Ne3 Rd4 41. Nc2 Rd5 42. Nb4 Rd1 43. Nc6 Bh6 44. Rb8 Rc1 45. Ne7 Bg5 46. Ng8 a5 47.
Reb2 a4 48. Ra8 Kg6 49. Rbb8 Kf5 50. Rb6 h4 51. gxh4 Bxh4 52. Nh6+ Kg5 53. Ng8 Rc2 54.
Nf6 Rxf2+ 55. Kg1 Rc2 56. Rxa4 Bf2+ 57. Kf1 Bxb6 58. Rxg4+ Kf5 59. Rb4 Rb7 60. Ne8 Ra7 61. Rxb6 Raxa2 62. Rb1 Rh2 63. Kg1 Rag2+ 64. Kf1 Rg8 0-1

[Event "Late-Titled-Tuesday-Blitz-January-23-2024"]
[Site "Chess.com"]
[Date "2024.01.23"]
[Round "4"]
[White "Andrej2004"]
[Black "EsmeraldasAnderson03"]
[Result "1-0"]
[WhiteElo "2613"]
[BlackElo "2426"]
[TimeControl "180+1"]
[EndTime "14:39:27 PST"]
[Termination "Andrej2004 won by checkmate"]

1. g3 d5 2. Bg2 Nf6 3. b3 Bf5 4.
Bb2 e6 5. d3 h6 6. Nd2 Bh7 7. Ngf3 Be7 8. O-O O-O 9. Re1 c5 10.
e4 Nc6 11. exd5 exd5 12. Ne5 Re8 13. Qf3 Bd6 14. Ng4 Nxg4 15. Qxg4 d4 16. Nc4 Bc7 17. a3 Bg6 18. h4 h5 19. Qf3 Qf6 20. Qxf6 gxf6 21.
Bxc6 bxc6 22. a4 f5 23. f4 f6 24. Ba3 Rxe1+ 25. Rxe1 Re8 26. Rxe8+ Bxe8 27. Bxc5 a6 28. Bxd4 Kf7 29. Kf2 Ke6 30. Ne3 Bd6 31. Nc4 Bc7 32. Bc5 Bd7 33. Bb6 Bb8 34. a5 Kd5 35. Ne3+ Ke6 36.
Nc4 Kd5 37. Bd8 Ba7+ 38. Kf3 Ke6 39. Bb6 Bb8 40. b4 Bc8 41. Nd2 Bb7 42. Bc5 Bc7 43. Nb3 Kd5 44. c4+ Ke6 45. Nd4+ Kf7 46. Nxf5 Kg6 47.
Nd4 Bc8 48. Ke3 Bd7 49. Bb6 Bd6 50. Bc5 Bb8 51. Ne2 Kf5 52. Kf3 Kg6 53. Nd4 Bg4+ 54. Ke3 Bd7 55. Nb3 Kf5 56. Kf3 Kg6 57. Bd4 Bf5 58.
Nc5 Bg4+ 59. Ke3 Bc8 60. Ne4 Kf5 61. Nxf6 Bd6 62. c5 Be7 63. Ne4 Kg4 64. Kf2 Bf5 65. Kg2 Bg6 66. Nf2+ Kf5 67. Kf3 Bf7 68. Ne4 Bd5 69.
Be5 Bd8 70. Kg2 Bxe4+ 71. dxe4+ Kxe4 72. Kf2 Be7 73. Ke2 Bf8 74. Kf2 Be7 75. Bd6 Bf6 76.
Kg2 Bc3 77. g4 hxg4 78. Kg3 Kf5 79. h5 Bxb4 80. h6 Kg6 81. Bf8 Bxa5 82. Kxg4 Bd8 83. f5+ Kh7 84. Bg7 Kg8 85. f6 a5 86. Kf5 a4 87. Kg6 Bxf6 88. h7# 1-0

[Event "Late-Titled-Tuesday-Blitz-January-23-2024"]
[Site "Chess.com"]
[Date "2024.01.23"]
[Round "4"]
[White "GMFYHR1"]
[Black "jjbolanos"]
[Result "0-1"]
[WhiteElo "2435"]
[BlackElo "2156"]
[TimeControl "180+1"]
[EndTime "14:39:29 PST"]
[Termination "jjbolanos won by resignation"]

1. d4 d5 2. c4 e6 3. Nc3 Nf6 4.
cxd5 exd5 5. Bg5 Be7 6. e3 Nbd7 7. Bd3 c6 8. Qc2 h6 9. Bh4 Nh5 10. Bxe7 Qxe7 11. Nge2 Nb6 12. O-O O-O 13. a4 a5 14.
Qb3 Qb4 15. Qc2 Re8 16. Ng3 Nxg3 17. hxg3 Bd7 18. b3 Nc8 19. Qb2 Nd6 20. Rac1 Bf5 21. Na2 Qb6 22. Bxf5 Nxf5 23. Qb1 Nd6 24. Rfe1 Ne4 25.
Nc3 Nd6 26. g4 Qb4 27. g3 Ra6 28. Na2 Qa3 29. Rc3 Ne4 30. Rd3 Rb6 31. Qc2 Qe7 32.
Kg2 Qg5 33. f3 Nf6 34. Qd2 h5 35. gxh5 Nxh5 36. g4 f5 37. Qxa5 Ra6 38. Qc7 fxg4 39. f4 Qf5 40. Rd2 Qe4+ 41. Kg1 Qf3 42. Rf1 Qg3+ 43.
Rg2 Qxe3+ 44. Kh2 Qh3+ 45. Kg1 Qe3+ 46. Kh2 g3+ 47. Kh1 Qe6 48. Qxb7 Qh3+ 49. Kg1 Nxf4 50.
Rxf4 Re1+ 51. Rf1 Rxf1+ 52. Kxf1 Qh1+ 53. Ke2 Qxg2+ 54. Kd3 Qf3+ 55. Kc2 Qe2+ 56. Kc3 g2 57. Qb8+ Kh7 58. Qh2+ Kg8 59. Qb8+ Kf7 60. Qc7+ Kg6 61.
Qd6+ Kh5 62. Qh2+ Kg4 63. Nb4 Qe3+ 64. Kc2 g1=Q 0-1

[Event "Late-Titled-Tuesday-Blitz-January-23-2024"]
[Site "Chess.com"]
[Date "2024.01.23"]
[Round "4"]
[White "kai_nov"]
[Black "StellarChess"]
[Result "0-1"]
[WhiteElo "2297"]
[BlackElo "2486"]
[TimeControl "180+1"]
[EndTime "14:39:34 PST"]
[Termination "StellarChess won by checkmate"]

1. d4 Nf6 2. c4 b6 3. Nc3 Bb7 4. d5 e5 5. a3 d6 6. g3 g6 7.
Bg2 Bg7 8. Nf3 O-O 9. O-O Re8 10.
b3 Nbd7 11. Bb2 a6 12. Qc2 Qe7 13. e4 Nh5 14. b4 Rf8 15. Rae1 Rae8 16. Bc1 h6 17.
Nh4 Bc8 18. Bh3 Ndf6 19. Bxc8 Rxc8 20. Ng2 Qd7 21. Ne3 Ng4 22. Nxg4 Qxg4 23. f3 Qd7 24. Qe2 f5 25. exf5 gxf5 26. Bd2 Rce8 27. Qg2 Qf7 28. Qh3 Kh7 29. Nd1 Rg8 30. Kh1 Qg6 31. Nf2 Nf6 32. Re2 Rgf8 33. Rfe1 Re7 34. Nd3 f4 35. Nxf4 exf4 36. Rxe7 Qd3 37. Bxf4 Qxf3+ 38. Qg2 Qc3 39. Qd2 Qxc4 40. Bxh6 Rg8 41. Bxg7 Rxg7 42. Rxg7+ Kxg7 43. Qg5+ Kf7 44. Qf5 Qxd5+ 45. Qxd5+ Nxd5 46. Rc1 c5 47. Kg2 Ke6 48. bxc5 dxc5 49. h4 b5 50. h5 c4 51. h6 Nf6 52. Re1+ Kf7 53. Rf1 Kg6 54.
g4 Nxg4 55. h7 Kxh7 56. Kf3 Nh2+ 57. Ke2 Nxf1 58. Kxf1 Kg6 59. Ke2 Kf5 60. Ke3 Ke5 61. Kd2 Kd5 62. Kc2 Kc5 63. Kc3 a5 64. Kb2 b4 65.
Ka2 Kd4 66. a4 Kc3 67. Kb1 b3 68. Ka1 Kb4 69. Kb2 Kxa4 70. Ka1 Kb4 71. Kb1 a4 72. Ka1 c3 73. Kb1 Kc4 74. Ka1 Kd3 75. Kb1 c2+ 76. Kb2 Kd2 77. Ka3 c1=Q+ 78. Kb4 b2 79. Ka3 b1=Q+ 80.
Kxa4 Qcb2 81. Ka5 Qb5# 0-1

[Event "Late-Titled-Tuesday-Blitz-January-23-2024"]
[Site "Chess.com"]
[Date "2024.01.23"]
[Round "4"]
[White "BardArtem"]
[Black "zverr1"]
[Result "0-1"]
[WhiteElo "2792"]
[BlackElo "2526"]
[TimeControl "180+1"]
[EndTime "14:39:35 PST"]
[Termination "zverr1 won by checkmate"]

1. e4 c5 2. c3 g6 3. d4 cxd4 4. cxd4 d5 5. e5 a6 6. Nc3 Bg7 7. h4 h5 8. Nf3 Nc6 9. Be2 Bg4 10. Ng5 Bxe2 11. Nxe2 e6 12. Be3 Nge7 13. Nf4 Nf5 14. g3 Qe7 15. O-O Bh6 16. Ngxe6 fxe6 17. Nxg6 Qg7 18. Nxh8 Nxe3 19. Qxh5+ Kd7 20. Qf7+ Qxf7 21. Nxf7 Nxf1 22. Rxf1 Bd2 23. Rd1 Rf8 24. Rxd2 Rxf7 25. f4 Rg7 26. Kf2 Ne7 27. Rd3 Nf5 28. Kg2 Nh6 29. Kh3 Ng4 30. Rf3 Rg8 31. f5 Nh6 32. fxe6+ Ke7 33. Rf6 Ng4 34. Rf4 Ne3 35.
Rf7+ Kxe6 36. Rxb7 Nf5 37. Rb6+ Ke7 38. g4 Nxd4 39. g5 Nf3 40. Kg4 Nxe5+ 41. Kf5 Nf3 42. Kg4 Ne5+ 43. Kf4 Ng6+ 44. Kg3 Ne5 45. Rxa6 d4 46.
Kf4 d3 47. Kxe5 Rd8 48. Re6+ Kd7 49. Rf6 d2 50. Rf1 Re8+ 51. Kd4 Re1 52. Rf7+ Ke8 53. Rf3 d1=Q+ 54. Rd3 Qg4+ 55. Kc3 Rc1+ 56. Kd2 Qd1+ 57.
Ke3 Qg1+ 58. Kf3 Rf1+ 59. Ke4 Re1+ 60. Kd5 Rd1 61. Rxd1 Qxd1+ 62. Kc4 Qa4+ 63. b4 Qxa2+ 64. Kc5 Kd7 65. g6 Qf2+ 66. Kb5 Qxh4 67. Kb6 Qf6+ 68. Ka7 Qxg6 69. b5 Kc7 70. Ka8 Qg8+ 71. Ka7 Qa2# 0-1

[Event "Late-Titled-Tuesday-Blitz-January-23-2024"]
[Site "Chess.com"]
[Date "2024.01.23"]
[Round "4"]
[White "RamyresCoelho"]
[Black "MusicCityMaster"]
[Result "1/2-1/2"]
[WhiteElo "2261"]
[BlackElo "2464"]
[TimeControl "180+1"]
[EndTime "14:39:35 PST"]
[Termination "Game drawn - insufficient material"]

1. e4 e6 2. d4 d5 3. Nc3 Bb4 4. e5 c5 5. a3 Bxc3+ 6. bxc3 Ne7 7. Qg4 Qc7 8. Bd2 Nbc6 9. Nf3 g6 10. Bd3 Bd7 11. O-O c4 12. Be2 O-O-O 13. Qf4 h5 14. a4 Nf5 15. a5 Rdg8 16. a6 b6 17. Bc1 h4 18. Ba3 Qd8 19. Ng5 Rg7 20. Bg4 f6 21.
exf6 Qxf6 22. Rab1 e5 23. dxe5 Nxe5 24. Bxf5 gxf5 25. Nf3 Nxf3+ 26. Qxf3 Bc6 27. g3 d4 28. Qf4 Rg4 29. Qd6 Qxd6 30. Bxd6 d3 31. cxd3 cxd3 32.
Rfe1 Bf3 33. Re7 d2 34. Rc7+ Kd8 35. Rxa7 Re8 36. Bc7+ Kd7 37. Bf4+ Kc6 38. Bxd2 hxg3 39. fxg3 Re2 40. Bf4 Rg2+ 41. Kf1 Rxh2 42. Rc7+ Kd5 43. Rb5+ Ke4 44. Rb4+ Kd3 45. Rd4+ Kc2 46. Rd2+ Rxd2 47. Bxd2 Kxd2 48. a7 Rxg3 49. Rd7+ Ke3 50. Re7+ Kf4 51. Kf2 Rg2+ 52. Ke1 Ra2 53. Re6 Be4 54. Rxb6 Rxa7 55. Rb2 Ke3 56. Re2+ Kd3 57. Ra2 f4 58. Rxa7 Kxc3 59. Rf7 f3 60. Rf8 Kd4 61. Kf2 Kd3 62. Rf6 Kd4 63. Rf8 Kd3 64. Rd8+ Kc4 65. Re8 Bd5 66.
Ke3 Kc5 67. Rc8+ Bc6 68. Rd8 Bd5 69. Rf8 Bc6 70. Kf2 Bd5 71. Rf5 Kd4 72. Rf8 Be4 73.
Rb8 Kd5 74. Rd8+ Ke5 75. Rd2 Kf4 76. Rb2 Bd5 77. Rb6 Ke5 78. Rb8 Be4 79. Rf8 Bd5 80. Rh8 Bc6 81. Rf8 Bd5 82. Rxf3 Bxf3 1/2-1/2

[Event "Late-Titled-Tuesday-Blitz-January-23-2024"]
[Site "Chess.com"]
[Date "2024.01.23"]
[Round "4"]
[White "JackRodgers"]
[Black "sergeikim"]
[Result "1/2-1/2"]
[WhiteElo "2558"]
[BlackElo "2419"]
[TimeControl "180+1"]
[EndTime "14:39:39 PST"]
[Termination "Game drawn by repetition"]

1. d4 Nf6 2. Bg5 g6 3. Bxf6 exf6 4. e3 h5 5. h4 Bh6 6. g3 d6 7. Bg2 Nd7 8. Nd2 f5 9. Ne2 Nf6 10. c4 O-O 11. O-O Re8 12. Nf3 Ng4 13. Nf4 Bd7 14.
b4 a5 15. a3 axb4 16. axb4 Rxa1 17. Qxa1 Bc6 18. d5 Bd7 19. Re1 Qe7 20. Qa7 Bc8 21. c5 Qf6 22. cxd6 cxd6 23. Qd4 Qe7 24. Qb6 Qf6 25.
Qd4 Qe7 26. Rc1 Bg7 27. Qb6 Qf6 28. Nd4 Qe5 29. Nb5 Qb2 30. Nd3 Qd2 31. Nxd6 Rf8 32. Rxc8 Qxd3 33. Rxf8+ Bxf8 34. Qc7 Bxd6 35. Qxd6 Qe2 36.
Qb8+ Kg7 37. Qf4 Qe1+ 38. Bf1 f6 39. d6 Ne5 40. f3 Qd1 41. Kf2 Qxd6 42. Be2 Qd2 43.
Qd4 Qxd4 44. exd4 Nc6 45. Ke3 Nxb4 46. Bc4 Kf8 47. d5 Ke7 48. Kd4 Kd6 49. Bb3 Na6 50.
Bc4 Nc7 51. Bb3 b5 52. Ba2 Na6 53. Bb3 Nb4 54. f4 Na6 55. Ba2 Nc5 56. Bb1 Ne4 57. Bd3 Nxg3 58. Bxb5 Ne4 59. Be8 Nd2 60. Bxg6 Nf3+ 61.
Ke3 Nxh4 62. Bxh5 Kxd5 63. Bf7+ Kd6 64. Ba2 Ng6 65. Bb1 Ne7 66. Kd4 Ke6 67. Ba2+ Kd6 68. Bb1 Ke6 69. Ba2+ Kd6 70. Bb3 Nc6+ 71. Ke3 Ne7 72.
Bc2 Nd5+ 73. Kf3 Ne7 74. Bd3 Kd5 75. Bc2 Kd4 76. Bb1 Kd5 77. Bc2 Kd4 78. Bb1 Kd5 79. Bc2 1/2-1/2

[Event "Late-Titled-Tuesday-Blitz-January-23-2024"]
[Site "Chess.com"]
[Date "2024.01.23"]
[Round "4"]
[White "MightyGMpretender"]
[Black "Rud_Makarian"]
[Result "1/2-1/2"]
[WhiteElo "2762"]
[BlackElo "2978"]
[TimeControl "180+1"]
[EndTime "14:39:53 PST"]
[Termination "Game drawn by repetition"]

1. e4 c5 2. Be2 Nc6 3. f4 e6 4.
Nf3 d5 5. d3 Be7 6. O-O Nh6 7. c3 O-O 8. Kh1 f6 9. Be3 b6 10. Nbd2 Bb7 11. Qe1 Qd7 12. Qg3 Kh8 13. Rad1 Rad8 14. Qh3 f5 15. Qg3 b5 16. h3 a5 17. Ng5 a4 18. a3 b4 19. Bf3 d4 20.
cxd4 cxd4 21. Bg1 bxa3 22. bxa3 Bxa3 23. Nc4 Be7 24. Ra1 Bxg5 25. fxg5 f4 26. Qh4 Nf7 27. g6 Nh6 28. Bh2 Qe7 29. Qh5 Ra8 30. Rfb1 Ba6 31.
Rxa4 Bxc4 32. Rxc4 Ra5 33. Rxc6 Rxh5 34. Bxh5 hxg6 35. Bf3 g5 36. Bg1 g4 37. hxg4 Qh4+ 38. Bh2 Nxg4 39. Bxg4 Qxg4 40. Rf1 f3 41. gxf3 Rxf3 42.
Rg1 Qh5 43. Rc8+ Kh7 44. Rc7 Rf7 45. Rxf7 Qxf7 46. Rg3 Qf1+ 47. Bg1 g5 48. Kh2 Qe2+ 49. Kh3 Qh5+ 50. Kg2 Kg6 51. Bxd4 Qe2+ 52. Bf2 g4 53. Re3 Qd1 54. Rg3 Kg5 55. Be3+ Kh4 56. Bf2 Kh5 57. Bg1 Qe2+ 58. Bf2 Qc2 59. Re3 Kg5 60. Rg3 Kf4 61. Re3 Kg5 62. Rg3 Kh5 63. Re3 Qa2 64. Rg3 Qd2 65. Re3 e5 66. Rg3 Kg5 67. Re3 Qd1 68. Rg3 Kf6 69. Be3 Ke6 70. Bf2 Kd6 71. Re3 Kc6 72.
Rg3 Kb5 73. Re3 Kc6 74. Rg3 Kc7 75. Re3 Kd7 76. Rg3 Ke6 77. Re3 Kf6 78. Rg3 Kg5 79. Be3+ Kh5 80. Bf2 Qd2 81. Re3 Kg5 82. Rg3 Kf4 83.
Kf1 Qd1+ 84. Kg2 Kg5 85. Be3+ Kh5 86. Bf2 Qb1 87. Re3 Qd1 88. Rg3 1/2-1/2

[Event "Late-Titled-Tuesday-Blitz-January-23-2024"]
[Site "Chess.com"]
[Date "2024.01.23"]
[Round "4"]
[White "Andrii_Prydun"]
[Black "Rawnsdale"]
[Result "0-1"]
[WhiteElo "2388"]
[BlackElo "2542"]
[TimeControl "180+1"]
[EndTime "14:39:59 PST"]
[Termination "Rawnsdale won on time"]

1. e4 c6 2. d4 d5 3. e5 c5 4. b4 cxd4 5. Qxd4 Nc6 6. Qb2 e6 7. b5 Na5 8. Nf3 Ne7 9. Bd3 Nf5 10. Bxf5 exf5 11. O-O Be6 12. Bg5 Be7 13. Bxe7 Qxe7 14. Nbd2 O-O 15. Nb3 Nc4 16. Qc1 Rac8 17. a4 Qc7 18.
Re1 Nb6 19. Nbd4 Qc4 20. Qa3 Qc3 21. h4 h6 22. h5 Qxa3 23. Rxa3 Rc4 24. a5 Nd7 25. a6 bxa6 26. Rxa6 Nc5 27. Rxa7 Rb8 28. Rc7 Ne4 29. Rxc4 dxc4 30. Nxe6 fxe6 31. Nd4 Kf7 32. Ra1 Rb7 33. Ra6 Nc5 34. Rc6 Nd7 35. Nxe6 Rxb5 36. Nd8+ Ke7 37. e6 Ne5 38. Rc8 Rb1+ 39. Kh2 Ng4+ 40.
Kg3 Rd1 41. Nb7 Kxe6 42. Rxc4 Ne5 43. Nc5+ Kf6 44. Rc3 Rd4 45. Nd3 Rg4+ 46. Kh3 Nf7 47. Rc6+ Ke7 48. f4 Nd6 49. Rc7+ Ke6 50. Rc6 Kd5 51.
Rc5+ Ke6 52. Re5+ Kf6 53. Rc5 Ne4 54. Rc6+ Kf7 55. c4 Rg3+ 56. Kh2 Rxd3 57. Rc7+ Kg8 58. Rc8+ Kh7 59. Rf8 Rc3 60. Rxf5 Rxc4 61. Re5 Nf6 62. Rf5 Kg8 63. Kh3 Kf7 64. g4 Rc3+ 65. Kh4 Ke7 66.
g5 hxg5+ 67. fxg5 Rc4+ 68. Kh3 Ne4 69. Re5+ Kd6 70. Re8 Nxg5+ 71. Kg3 Ne6 72. Rg8 Rc5 73. Kg4 Rg5+ 74. Kh4 Ke5 75. Re8 Rf5 76. Kg4 Kf6 77. Ra8 Rf4+ 78. Kg3 Rd4 79. Ra5 Nf8 80. Ra7 Ne6 81. Ra5 Rd3+ 82. Kh4 Rd1 83. Kg4 Rg1+ 84. Kh4 Rg5 0-1

[Event "Late-Titled-Tuesday-Blitz-January-23-2024"]
[Site "Chess.com"]
[Date "2024.01.23"]
[Round "4"]
[White "angelgab3"]
[Black "Durarbayli"]
[Result "1/2-1/2"]
[WhiteElo "2695"]
[BlackElo "2870"]
[TimeControl "180+1"]
[EndTime "14:40:03 PST"]
[Termination "Game drawn by repetition"]

1. e4 c5 2. Nf3 d6 3. d4 cxd4 4.
Nxd4 Nf6 5. Nc3 a6 6. Bg5 e6 7. f4 h6 8. Bh4 Nbd7 9. Qe2 e5 10. fxe5 Nxe5 11. O-O-O Be7 12. Nf3 Qa5 13. Kb1 g5 14.
Be1 Qc7 15. h4 Rg8 16. hxg5 hxg5 17. Nxe5 dxe5 18. Nd5 Nxd5 19. exd5 Bf5 20. Bc3 Bd6 21. g4 Bg6 22. Bg2 O-O-O 23. Be4 Kb8 24. Rh6 Bxe4 25. Qxe4 Ka8 26. Rf1 Rd7 27. a4 Rc8 28. Rf5 Qc5 29.
Rhf6 Qc4 30. Qxc4 Rxc4 31. Bxe5 Bxe5 32. Rxe5 Rxg4 33. b3 Rg1+ 34. Kb2 g4 35. Ref5 g3 36. Rxf7 Rxf7 37. Rxf7 g2 38. Rg7 Rd1 39. Rxg2 Rxd5 40. b4 Ka7 41. Kb3 Rh5 42. c3 Rh3 43. Rg7 Rf3 44. a5 Rh3 45. Rc7 Rg3 46. Kc4 Rg4+ 47. Kd3 Rg3+ 48. Ke4 Rg4+ 49. Kd5 Rh4 50. Rc4 Rh5+ 51.
Kd4 Rh4+ 52. Kd3 Rh3+ 53. Kc2 Rh2+ 54. Kb3 Rh3 55. Rd4 Rg3 56. Kc2 Rg2+ 57. Rd2 Rg3 58. c4 Rh3 59. Rd3 Rh1 60. Kc3 Rb1 61.
Rd2 Kb8 62. Rb2 Rh1 63. Rd2 Rb1 64. Rc2 Kc7 65. Rh2 Kb8 66. Rh8+ Kc7 67. Rh7+ Kb8 68.
Rh5 Kc7 69. b5 axb5 70. cxb5 Ra1 71. Rh7+ Kc8 72. Kb4 Rc1 73. Rh8+ Kd7 74. Rh7+ Kc8 75. Rh5 Kb8 76. Rh8+ Rc8 77. Rxc8+ Kxc8 78. Kc5 Kc7 79. Kd5 Kd7 80. Ke5 Kc8 81. Ke6 Kc7 82. Ke7 Kc8 83. Kd6 Kd8 84. Kd5 Kd7 85. Kc5 Kc7 86. Kd5 Kc8 87.
Ke6 Kc7 88. Ke7 Kc8 89. Kd6 Kd8 90. Kc5 Kc7 1/2-1/2

[Event "Late-Titled-Tuesday-Blitz-January-23-2024"]
[Site "Chess.com"]
[Date "2024.01.23"]
[Round "4"]
[White "Grischuk"]
[Black "sakkikuska"]
[Result "1-0"]
[WhiteElo "3063"]
[BlackElo "2659"]
[TimeControl "180+1"]
[EndTime "14:40:05 PST"]
[Termination "Grischuk won on time"]

1. d4 Nf6 2. c4 g6 3. g3 c6 4.
Nf3 d5 5. Qa4 dxc4 6. Qxc4 Bg7 7. Bg2 O-O 8. O-O Nbd7 9. Nc3 Nb6 10. Qb3 Bf5 11. Bf4 Ne4 12. e3 Nxc3 13. bxc3 Be4 14.
Rac1 h6 15. h4 Bd5 16. Qc2 Nc4 17. e4 Be6 18. Nd2 Nxd2 19. Qxd2 Kh7 20. Rfd1 Bg4 21. f3 Be6 22. c4 c5 23. d5 Bd7 24. e5 e6 25. Qe3 Qc7 26. g4 b6 27. d6 Qb7 28. g5 h5 29. Bg3 Rad8 30. f4 Bc6 31. Rd2 Rd7 32. Bxc6 Qxc6 33. Kf2 Rfd8 34. Qf3 Qa4 35.
Kg2 Bf8 36. Bf2 Kg7 37. Rc3 Qa6 38. Qe4 Rc8 39. Qd3 Qb7+ 40. Kh2 Be7 41. Ra3 Bd8 42. Qf3 Qxf3 43. Rxf3 a5 44. Rb3 Rc6 45. Kg3 Kf8 46. Rb5 Kg7 47. Rdb2 Ra7 48. Kf3 Ra6 49. Ke4 Kf8 50.
Rb1 Ke8 51. R5b2 Kd7 52. Kd3 Ra8 53. Kc2 Ra6 54. Kb3 Ra8 55. Ka4 Ra6 56. Rb5 Ra8 57. R1b3 Ra6 58. Rd3 Ra8 59. Rbb3 Ra7 60. Ra3 Ra8 61.
Kb5 Ra7 62. Ka4 Ra8 63. Rab3 Ra7 64. Rb5 Ra8 65. Rdb3 Ra6 66. Bxc5 Rxc5 67. Rxc5 bxc5 68. Rb7+ Ke8 69. Kb5 Ra8 70. Kxc5 a4 71. Kb5 Ra5+ 72. Kb4 Ra8 73. c5 Ba5+ 74. Kb5 Bd2 75. c6 Bxf4 76. c7 Kd7 77. Rb8 1-0

[Event "Late-Titled-Tuesday-Blitz-January-23-2024"]
[Site "Chess.com"]
[Date "2024.01.23"]
[Round "4"]
[White "el_sporco"]
[Black "guillembaches"]
[Result "1/2-1/2"]
[WhiteElo "2370"]
[BlackElo "2524"]
[TimeControl "180+1"]
[EndTime "14:40:11 PST"]
[Termination "Game drawn by repetition"]

1. e4 c5 2. Nf3 d6 3. d4 cxd4 4.
Nxd4 Nf6 5. Nc3 Nc6 6. Bg5 e6 7.
f3 h6 8. Be3 a6 9. Qd2 Bd7 10.
O-O-O b5 11. g4 Nxd4 12. Bxd4 b4 13. Ne2 e5 14. Be3 Qa5 15. Kb1 Be6 16. Nc1 d5 17.
g5 hxg5 18. Bxg5 d4 19. Bxf6 gxf6 20. Nb3 Qc7 21. Bd3 Qb6 22. Qe2 Bh6 23. Bc4 Ke7 24. Bxe6 fxe6 25. Rhg1 Rag8 26. Qc4 Be3 27. Rxg8 Rxg8 28.
h4 a5 29. h5 a4 30. Nc5 Rc8 31. Nxa4 Rxc4 32. Nxb6 Rc6 33. Na4 Rc8 34. Rh1 Bh6 35. b3 Rg8 36. Nb2 Rg3 37. Rf1 f5 38. Nd3 Kf6 39. f4 fxe4 40. fxe5+ Ke7 41. Nxb4 e3 42. Nc6+ Ke8 43. Nxd4 Rh3 44. Nxe6 Rxh5 45. Nd4 Rxe5 46. Re1 Bg7 47. Nf3 Re4 48. Re2 Bc3 49. a4 Kd7 50.
Ka2 Kc6 51. b4 Rxb4 52. Rxe3 Bg7 53. Ne5+ Kd5 54. Nd3 Rxa4+ 55. Kb3 Ra8 56. Rg3 Rb8+ 57. Nb4+ Kc5 58. Rxg7 Rxb4+ 59. Kc3 Rf4 60. Rg5+ Kc6 61. Kb3 Rf3+ 62. c3 Rh3 63. Kb4 Rh4+ 64. c4 Rh6 65.
Rc5+ Kb6 66. Rb5+ Kc6 67. Rf5 Kb6 68. Rg5 Kc6 69. Ra5 Kb6 70. c5+ Kb7 71. Kb5 Kc7 72.
Ra7+ Kb8 73. Re7 Rg6 74. Rd7 Rf6 75. Rg7 Rh6 76. Rg8+ Kc7 77. Rg3 Kb8 78. Ra3 Rf6 79. Rb3 Kc7 80. Rb4 Rh6 81. Re4 Rg6 82. Re7+ Kc8 83. c6 Rg1 84. Kb6 Rb1+ 85. Kc5 Rc1+ 86. Kb6 Rb1+ 87. Kc5 Rc1+ 88. Kb6 Rb1+ 1/2-1/2

[Event "Late-Titled-Tuesday-Blitz-January-23-2024"]
[Site "Chess.com"]
[Date "2024.01.23"]
[Round "4"]
[White "Carlitus2004"]
[Black "Nf3c5"]
[Result "1/2-1/2"]
[WhiteElo "2414"]
[BlackElo "2548"]
[TimeControl "180+1"]
[EndTime "14:41:15 PST"]
[Termination "Game drawn - insufficient material"]

1. Nf3 d5 2. d4 Nf6 3. Bf4 c5 4. e3 Nc6 5. Nbd2 cxd4 6. exd4 Bg4 7. h3 Bh5 8. c3 e6 9. Bd3 Bd6 10. Bxd6 Qxd6 11. O-O Rb8 12. Qe2 Qc7 13. a4 a6 14.
Qe3 Bg6 15. Ne5 Nxe5 16. dxe5 Nd7 17. Bxg6 hxg6 18. Nf3 Rh5 19. Rfe1 Qc5 20. Qf4 Kf8 21. Ng5 Qe7 22. h4 Kg8 23. g3 Nc5 24. Qb4 Re8 25. Re3 Qc7 26. Rae1 b5 27. axb5 axb5 28. Rf3 Rxg5 29.
hxg5 Ne4 30. Rxe4 dxe4 31. Qxe4 Rd8 32. Kg2 Rd5 33. Re3 Qc6 34. Kh2 Qc5 35. Kg2 Qc6 36.
Rf3 Qc5 37. Rf4 Rxe5 38. Qa8+ Qf8 39. Qf3 Rxg5 40. Rd4 Rf5 41. Qd3 Qa8+ 42. Kg1 Rd5 43. Qe4 Qa1+ 44. Kg2 Qxb2 45. Rxd5 exd5 46. Qxd5 Qxc3 47.
Qxb5 Qc7 48. Qe8+ Kh7 49. Qe4 f5 50. Qh4+ Kg8 51. Qg5 Qc6+ 52. Kg1 Qf6 53. Qe3 g5 54. Qe8+ Kh7 55. Qh5+ Qh6 56. Qf7 Qg6 57. Qd5 g4 58. Qh1+ Qh6 59. Qd5 Qc1+ 60. Kg2 Qc2 61. Qf7 Qe4+ 62.
Kg1 Qe1+ 63. Kg2 Qe4+ 64. Kg1 Kh6 65. Qf8 Qb1+ 66. Kg2 Qe4+ 67. Kg1 Kg6 68. Qd6+ Kf7 69. Qd7+ Kf6 70. Qd8+ Qe7 71. Qd4+ Kg6 72. Qb6+ Qf6 73. Qb7 Qa1+ 74. Kg2 Qf6 75. Qd7 Qe5 76. Qc8 Qe4+ 77.
Kg1 Qe1+ 78. Kg2 Qe4+ 79. Kg1 Qe5 80. Qc6+ Qf6 81. Qe8+ Qf7 82. Qe5 Qd7 83. Kg2 Qc6+ 84. Kg1 Qe4 85. Qd6+ Kh7 86. Qf8 Qe1+ 87. Kg2 Qe6 88.
Qc5 Qe4+ 89. Kg1 Kg6 90. Qf8 f4 91. gxf4 Qe1+ 92. Kg2 Qe4+ 93. Kg1 Qf5 94. Qe8+ Kh7 95. Qe3 Qb1+ 96. Kg2 Qb7+ 97. Kg3 Qh1 98. Kxg4 Kg6 99. Qe6+ Kh7 100. Qf5+ Kg8 101. Qc8+ Kh7 102. Qf5+ Kg8 103. Qe6+ Kh8 104. Kf5 Qh3+ 105. Ke5 Qc3+ 106. Kd6 Qb4+ 107. Kd7 Qxf4 108. Qe8+ Kh7 109. Qh5+ Qh6 110. Qf5+ Qg6 111. Qh3+ Kg8 112. Qe6+ Kh7 113. Qh3+ Qh6 114. Qf5+ g6 115. Qf7+ Qg7 116. Ke7 Kh6 117. Qxg7+ Kxg7 118. Ke6 Kh6 119. Kf6 Kh5 120. Ke5 Kg4 121. Kf6 Kf3 122. Kg5 Kxf2 123. Kxg6 1/2-1/2

[Event "Late-Titled-Tuesday-Blitz-January-23-2024"]
[Site "Chess.com"]
[Date "2024.01.23"]
[Round "5"]
[White "OparinGrigoriy"]
[Black "FairChess_on_YouTube"]
[Result "1/2-1/2"]
[WhiteElo "3020"]
[BlackElo "3090"]
[TimeControl "180+1"]
[EndTime "14:49:32 PST"]
[Termination "Game drawn by repetition"]

1. c4 e6 2. Nc3 d5 3. d4 Nf6 4. Nf3 a6 5. cxd5 exd5 6. Bg5 Be6 7. e3 Nbd7 8. h3 Bd6 9. Bd3 c6 10. Bf4 Nf8 11. Qc2 Ng6 12. Bxd6 Qxd6 13. a3 O-O 14.
O-O Rfe8 15. b4 Bd7 16. Rab1 Re7 17. a4 Rc8 18. Rfc1 Be8 19. Bf5 Bd7 20. Bd3 Be8 21.
Bf5 Bd7 22. Bd3 1/2-1/2

[Event "Late-Titled-Tuesday-Blitz-January-23-2024"]
[Site "Chess.com"]
[Date "2024.01.23"]
[Round "5"]
[White "dmitrijiIM"]
[Black "FredddieCroderg"]
[Result "0-1"]
[WhiteElo "2895"]
[BlackElo "2392"]
[TimeControl "180+1"]
[EndTime "14:49:57 PST"]
[Termination "FredddieCroderg won by checkmate"]

1. d4 d5 2. c4 e6 3. cxd5 exd5 4.
Nc3 Nf6 5. Bf4 Bd6 6. Bxd6 Qxd6 7. e3 O-O 8. h3 c6 9. Bd3 Re8 10. Nge2 Nbd7 11. O-O Nf8 12. Qd2 Ng6 13. Rac1 Nh4 14.
f3 Nh5 15. e4 Qg6 16. e5 Qxg2# 0-1

[Event "Late-Titled-Tuesday-Blitz-January-23-2024"]
[Site "Chess.com"]
[Date "2024.01.23"]
[Round "5"]
[White "miraitrunks"]
[Black "Carlitus2004"]
[Result "1-0"]
[WhiteElo "2108"]
[BlackElo "2400"]
[TimeControl "180+1"]
[EndTime "14:50:11 PST"]
[Termination "miraitrunks won by checkmate"]

1. d4 Nf6 2. c4 Nc6 3. Nc3 e6 4. Bg5 Bb4 5. e3 h6 6. Bh4 d5 7. Nf3 O-O 8. Bd3 b6 9. O-O Bb7 10. cxd5 exd5 11. Bxf6 gxf6 12. Nh4 Ne7 13. Qg4+ Kh8 14.
Qh5 Kg7 15. Qg4+ Kh8 16. Nf5 Bc8 17. Qg7# 1-0

[Event "Late-Titled-Tuesday-Blitz-January-23-2024"]
[Site "Chess.com"]
[Date "2024.01.23"]
[Round "5"]
[White "campochess"]
[Black "finec2"]
[Result "0-1"]
[WhiteElo "2086"]
[BlackElo "2198"]
[TimeControl "180+1"]
[EndTime "14:50:26 PST"]
[Termination "finec2 won by resignation"]

1. Nf3 Nf6 2. b3 g6 3. Bb2 Bg7 4. c4 O-O 5. g3 b6 6. Bg2 Bb7 7. O-O d6 8. d3 e5 9. Nbd2 Nbd7 10. e4 a5 11. a3 Nc5 12. Qc2 Qd7 13. Ng5 h6 14. Bh3 Qe7 15. Ngf3 Bc8 16. Bxc8 Raxc8 17. b4 Ne6 18. Rfc1 Nh5 19. Nf1 f5 20. exf5 Rxf5 21. Re1 Rxf3 0-1

[Event "Late-Titled-Tuesday-Blitz-January-23-2024"]
[Site "Chess.com"]
[Date "2024.01.23"]
[Round "5"]
[White "Fernando_Offermann"]
[Black "JoakimVonAnd"]
[Result "0-1"]
[WhiteElo "2342"]
[BlackElo "2621"]
[TimeControl "180+1"]
[EndTime "14:50:28 PST"]
[Termination "JoakimVonAnd won by resignation"]

1. e4 c5 2. Nc3 d6 3. Bb5+ Bd7 4.
Bxd7+ Qxd7 5. Nf3 Nc6 6. O-O Nf6 7. d4 cxd4 8. Nxd4 g6 9. Re1 Bg7 10. Nf3 O-O 11. Bg5 Ng4 12. Qd2 Rfc8 13. Rad1 Nge5 14.
Nxe5 Nxe5 15. b3 Qg4 16. h3 Nf3+ 17. Kh1 Qxg5 0-1